 Dungeon Crawl Stone Soup version 0.18.1-6-gd335043 (webtiles) character file.

30 Implojin the Insei (level 3, -3/29 HPs)
             Began as a Mummy Monk on May 20, 2016.
             Slain by a hobgoblin (5 damage)
             ... on level 1 of the Dungeon.
             The game lasted 00:02:50 (1080 turns).

Implojin the Insei (Mummy Monk)                     Turns: 1080, Time: 00:02:51

Health: -3/29      AC:  0    Str: 14    XL:     3   Next: 5%
Magic:  3/3        EV: 13    Int:  9    God:
Gold:   74         SH:  0    Dex: 15    Spells: 0 memorised, 2 levels left

rFire  x . .     SeeInvis .       - Unarmed
rCold  + . .     Gourm    .     (no armour)
rNeg   + + +     Faith    .     (no shield)
rPois  ∞         Spirit   .     (no helmet)
rElec  .         Dismiss  .     (no cloak)
rCorr  .         Reflect  .     (no gloves)
SustAt .         Harm     .     (no boots)
MR     .....                    (no amulet)
Stlth  ++........               (no ring)
                                (no ring)

@: not resistant to hostile enchantments, unstealthy
A: no food or potions, fire vulnerability, cold resistance 1, negative energy
resistance 3, torment resistance, unbreathing
a: no special abilities


You were on level 1 of the Dungeon.
You were not hungry.

You visited 1 branch of the dungeon, and saw 1 of its levels.

You collected 74 gold pieces.

Inventory:

Scrolls
 a - 4 scrolls of identify {unknown}
 b - a scroll of noise {unknown}
 c - a scroll of teleportation {unknown}
 d - a scroll of remove curse {unknown}


   Skills:
 - Level 3.0 Fighting
 - Level 2.4 Dodging
 - Level 1.5 Stealth
 * Level 4.1 Unarmed Combat


You had 2 spell levels left.
You didn't know any spells.

Dungeon Overview and Level Annotations

Branches:
Dungeon (1/15)

Altars:


Innate Abilities, Weirdness & Mutations

You do not eat or drink.
Your flesh is vulnerable to fire.
You are immune to poison.
Your flesh is cold resistant.
You are immune to negative energy.
You are immune to unholy pain and torment.
You can survive without breathing.


Message History

You hit the hobgoblin.
The hobgoblin is almost dead.
The hobgoblin barely misses you.
A goblin comes into view.
You hit the hobgoblin but do no damage.
The hobgoblin is almost dead.
The hobgoblin hits you.
You hit the hobgoblin but do no damage.
The hobgoblin is almost dead.
The hobgoblin hits you.
* * * LOW HITPOINT WARNING * * *
The giant gecko bites you.
* * * LOW HITPOINT WARNING * * *
Found a stone staircase leading down.
A bat comes into view.
The giant gecko barely misses you.
You miss the giant gecko. The giant gecko closely misses you.
You closely miss the giant gecko. The giant gecko bites you.
* * * LOW HITPOINT WARNING * * *
You punch the giant gecko!
You kill the giant gecko!
You have reached level 3!
Your experience leads to an increase in your attributes!
Increase (S)trength, (I)ntelligence, or (D)exterity?
You feel agile.
You hit the goblin.
You kill the goblin!
You closely miss the hobgoblin.
The hobgoblin is heavily wounded.
The hobgoblin hits you.
* * * LOW HITPOINT WARNING * * *
You barely miss the hobgoblin.
The hobgoblin is heavily wounded.
The hobgoblin hits you.
* * * LOW HITPOINT WARNING * * *
There is a stone staircase leading down here.
Items here: ! ( ÷ † 17 stones; a smoky puce potion; a bat corpse; a goblin skeleton The hobgoblin hits you.
You die...

.......###)#####.........
#####'##......†b...#.#.#.#.#.
# ♣♣..≈###...###......%......
#♣♣...≈##...>###...#.#)#.#.#.
#♣<...≈##......####.........
#♣....≈##.#..#g# ###.#.#.#.#
#♣.<.≈≈#.....#.# ..........
#...≈≈≈#....##b##..#.#.#.#.#
#..≈≈≈.##......g@............
#P.≈P≈.##.####.#####.#.#.#.#.
#.≈≈P≈P##......... .>. ..
#≈≈PP≈.##.########
#≈PP≈≈.#...## #≈PP≈..#....# #
#...## # ##.## # ..♣ #.#


You could see a hobgoblin and a bat.

Vanquished Creatures
  A giant gecko (D:1)
  6 goblins (D:1)
  7 hobgoblins (D:1)
  5 bats (D:1)
  2 giant newts (D:1)
  5 kobolds (D:1)
  A rat (D:1)
27 creatures vanquished.

Notes
Turn   | Place    | Note
--------------------------------------------------------------
     0 | D:1      | Implojin the Mummy Monk began the quest for the Orb.
     0 | D:1      | Reached XP level 1. HP: 18/18 MP: 1/1
   311 | D:1      | Reached XP level 2. HP: 18/24 MP: 2/2
   799 | D:1      | Reached skill level 4 in Unarmed Combat
  1068 | D:1      | Reached XP level 3. HP: 10/29 MP: 3/3
  1072 | D:1      | HP: 1/29 [hobgoblin (5)]
  1080 | D:1      | Slain by a hobgoblin

Skill      XL: |  1  2 |
---------------+-------+-----
Unarmed Combat | 4 |  4.1
Fighting       | |  3.0
Dodging        | |  2.4
Stealth        | |  1.5

Action                   || total
-------------------------++-------
Melee: Unarmed           ||    97
       Punch             ||     2
 Stab: Sleeping          ||     2
Dodge: Dodged            ||    65

Table legend:
 A = Turns spent in this place as a percentage of turns spent in the entire game.
 B = Non-inter-level travel turns spent in this place as a percentage of non-inter-level travel turns spent in the entire game.
 C = Inter-level travel turns spent in this place as a percentage of turns spent in this place.
 D = Turns resting spent in this place as a percentage of non-inter-level travel turns spent in this place.
 E = Turns spent auto-exploring this place as a percentage of non-inter-level travel turns spent in this place.
 F = Non-inter-level travel turns spent in this place divided by the number of levels of this place that you've seen.
                   A       B       C       D       E      F
               +-------+-------+-------+-------+-------+----------------------
         Total | 100.0 | 100.0 |   0.0 |   6.7 |   6.4 | 329.0
       Dungeon | 100.0 | 100.0 |   0.0 |   6.7 |   6.4 | 329.0
               +-------+-------+-------+-------+-------+----------------------

Table legend:
 A = Kills in this place as a percentage of kills in entire the game.
 B = Kills by you in this place as a percentage of kills by you in the entire game.
 C = Kills by friends in this place as a percentage of kills by friends in the entire game.
 D = Other kills in this place as a percentage of other kills in the entire game.
 E = Experience gained in this place as a percentage of experience gained in the entire game.
 F = Experience gained in this place divided by the number of levels of this place that you have seen.
                   A       B       C       D       E      F
               +-------+-------+-------+-------+-------+----------------------
         Total | 100.0 | 100.0 |  -nan |  -nan | 100.0 |  44.0
       Dungeon | 100.0 | 100.0 |  -nan |  -nan | 100.0 |  44.0
               +-------+-------+-------+-------+-------+----------------------
